Map: Romantizid LE

Players

GunGFuBanDa - Winner!

  • Race: Protoss Protoss
  • League: Grandmaster
  • Spawn Location: 5:00

BratOK (Brat_OK)

  • Race: Terran Terran
  • League: Master
  • Spawn Location: 11:00

Event: DreamHack SC2 Masters 2020 Winter

VOD

Have the link to the VOD?

Description

Time

  • Played on: Oct. 18, 2020, 2:18 p.m.
  • Length: 11:26

All games in this series

Show
View Real Time Build Order
Export as new Build Order

GunGFuBanDa Protoss - Winner!

Build Orders: 1 Gate Expand, Blink Stalkers, Colossus Rush 

Get SALT Encoding   

  12  0:00  Probe  
  13  0:12  Probe  
  14  0:17  Pylon  
  14  0:24  Probe (Chrono Boost)  
  16  0:36  Gateway  
  16  0:37  Probe (Chrono Boost)  
  16  0:41  Probe (Chrono Boost)  
  16  0:45  Assimilator  
  17  0:52  Probe  
  19  1:04  Probe  
  19  1:16  Probe  
  20  1:24  Cybernetics Core  
  20  1:33  Nexus  
  20  1:36  Probe  
  21  1:44  Pylon  
  21  1:48  Probe  
  22  1:54  Assimilator  
  22  2:00  Probe  
  22  2:01  Warp Gate  
  23  2:03  Adept (Chrono Boost)  
  25  2:13  Probe  
  26  2:25  Stalker  
  26  2:28  Probe (Chrono Boost)  
  29  2:35  Twilight Council  
  29  2:41  Probe (Chrono Boost)  
  30  2:47  Probe (Chrono Boost)  
  30  2:49  Probe (Chrono Boost)  
  32  2:54  Probe (Chrono Boost)  
  32  2:55  Stalker  
  32  2:57  Probe (Chrono Boost)  
  36  2:59  Probe (Chrono Boost)  
  37  3:09  Probe (Chrono Boost)  
  37  3:11  Probe (Chrono Boost)  
  39  3:13  Blink (Chrono Boost)  
  39  3:18  Gateway  
  39  3:23  Probe (Chrono Boost)  
  39  3:25  Probe (Chrono Boost)  
  41  3:28  Probe (Chrono Boost), Shield Battery  
  42  3:34  Robotics Facility  
  42  3:35  Probe  
  42  3:39  Pylon  
  42  3:40  Probe  
  44  3:43  Assimilator  
  44  3:51  Stalker  
  44  3:59  Probe  
  44  4:00  Probe  
  46  4:11  Assimilator  
  46  4:12  Probe  
  46  4:13  Nexus  
  46  4:14  Sentry  
  46  4:16  Probe  
  50  4:20  Pylon  
  50  4:22  Observer (Chrono Boost)  
  52  4:24  Probe  
  52  4:28  Probe, Pylon  
  52  4:29  Pylon  
  53  4:34  Observer (Chrono Boost)  
  53  4:38  Probe  
  55  4:40  Probe  
  56  4:46  Robotics Bay  
  56  4:47  Gateway  
  56  4:50  Probe, Gateway  
  56  4:52  Probe  
  58  5:01  Stalker  
  58  5:02  Probe  
  58  5:03  Stalker  
  58  5:04  Probe  
  64  5:14  Probe  
  64  5:16  Probe  
  66  5:21  Charge  
  66  5:26  Probe (Chrono Boost)  
  65  5:29  Stalker x2  
  65  5:32  Probe (Chrono Boost)  
  68  5:36  Probe (Chrono Boost)  
  68  5:38  Probe (Chrono Boost)  
  68  5:41  Shield Battery  
  68  5:42  Colossus (Chrono Boost)  
  70  5:43  Observer  
  70  5:44  Probe (Chrono Boost)  
  70  5:46  Probe (Chrono Boost)  
  70  5:47  Probe (Chrono Boost)  
  78  5:50  Probe (Chrono Boost)  
  78  5:53  Probe x2 (Chrono Boost)  
  81  5:58  Probe  
  81  6:00  Gateway  
  81  6:04  Gateway  
  82  6:05  Probe  
  82  6:10  Zealot  
  82  6:11  Probe, Zealot  
  87  6:14  Forge x2  
  87  6:18  Probe  
  89  6:20  Probe  
  89  6:24  Pylon  
  90  6:31  Extended Thermal Lance  
  90  6:32  Probe  
  91  6:37  Probe x2, Pylon, Protoss Ground Weapons Level 1 (Chrono Boost)  
  91  6:38  Protoss Ground Armor Level 1 (Chrono Boost)  
  93  6:41  Colossus  
  99  6:47  Gateway  
  99  6:48  Gateway  
  99  6:51  Probe  
  99  6:52  Probe  
  99  6:53  Assimilator  
  101  6:55  Probe  
  101  6:57  Assimilator  
  102  7:01  Pylon  
  102  7:02  Pylon  
  102  7:10  Templar Archives  
  102  7:12  Pylon  
  102  7:13  Pylon  
  102  7:16  Stalker x3  
  108  7:23  Stalker x3  
  108  7:25  Probe  
  115  7:37  Probe, Pylon x2, Colossus (Chrono Boost)  
  121  7:51  Zealot x2  
  121  7:57  Zealot x6  
  133  8:07  Pylon  
  133  8:10  Probe  
  134  8:17  Observer  
  134  8:18  Observer (Chrono Boost)  
  135  8:27  Nexus, Photon Cannon  
  135  8:28  Pylon  
  135  8:29  Pylon  
  135  8:31  Robotics Facility  
  135  8:32  Disruptor (Chrono Boost)  
  133  8:40  Stalker  
  133  8:41  Stalker x2  
  140  8:42  Protoss Ground Armor Level 2 (Chrono Boost), Gravitic Drive  
  140  8:43  Probe x2  
  142  8:50  Protoss Ground Weapons Level 2 (Chrono Boost)  
  142  9:00  Probe  
  143  9:03  Zealot x5  
  150  9:16  Zealot x2  
  140  9:17  Observer  
  140  9:20  Observer  
  140  9:23  Warp Prism (Chrono Boost)  
  124  9:28  Probe  
  125  9:34  Probe x2, Immortal (Chrono Boost)  
  123  9:42  Probe (Chrono Boost), Stalker x5  
  123  9:43  Stalker  
  137  9:47  Probe (Chrono Boost)  
  137  9:52  Probe (Chrono Boost)  
  139  9:57  Probe (Chrono Boost)  
  141  10:01  Probe x2 (Chrono Boost)  
  141  10:02  Probe (Chrono Boost), Pylon  
  141  10:06  Disruptor (Chrono Boost)  
  145  10:21  Zealot x5  
  145  10:22  Zealot  
  154  10:34  Probe x4  
  161  10:38  Disruptor (Chrono Boost)  
  161  10:43  Nexus  
  161  10:46  Pylon, High Templar x3  
  161  10:47  Zealot, High Templar x3  
  161  10:48  Zealot, Gateway  
  177  10:51  Archon x2  
  177  10:52  Archon, Gateway  
  161  11:10  Zealot x2  
  155  11:19  Nexus  
Show
View Real Time Build Order
Export as new Build Order

BratOK Terran 

Build Orders: Banshee Rush 

Get SALT Encoding   

  12  0:00  SCV  
  13  0:12  SCV  
  14  0:17  Supply Depot  
  14  0:24  SCV  
  15  0:39  SCV  
  15  0:40  Barracks  
  16  0:44  Refinery  
  16  0:51  SCV  
  17  1:03  SCV  
  18  1:15  SCV  
  19  1:27  Orbital Command  
  19  1:32  Barracks Reactor  
  19  1:41  Command Center  
  19  1:49  Supply Depot  
  19  1:54  SCV  
  20  2:07  Marine x2  
  22  2:09  SCV  
  22  2:13  Factory  
  23  2:21  SCV  
  24  2:25  Marine x2  
  26  2:33  SCV  
  27  2:37  Refinery  
  27  2:43  Marine x2  
  29  2:48  SCV  
  30  2:53  Orbital Command  
  30  3:01  Starport  
  30  3:08  Hellion x2, Barracks Tech Lab  
  30  3:10  SCV  
  35  3:21  SCV  
  35  3:27  Supply Depot  
  35  3:33  SCV  
  35  3:34  SCV  
  37  3:35  Marine x2  
  37  3:37  Factory Tech Lab  
  39  3:45  SCV, Cloaking Field  
  39  3:46  Banshee  
  43  3:53  SCV  
  42  4:01  Marine x2  
  42  4:02  SCV  
  41  4:05  SCV  
  41  4:07  Siege Tank  
  42  4:10  Bunker  
  42  4:14  SCV  
  42  4:18  SCV, Marine  
  42  4:19  Marine  
  42  4:21  Supply Depot  
  45  4:26  SCV  
  45  4:29  Banshee  
  49  4:32  Barracks  
  49  4:34  SCV, Barracks  
  49  4:36  Refinery  
  49  4:37  Marine  
  49  4:38  SCV  
  52  4:46  SCV  
  52  4:49  Supply Depot  
  52  4:50  Siege Tank  
  56  4:54  SCV  
  56  4:56  Engineering Bay  
  56  4:59  Marine x2  
  58  5:02  SCV  
  58  5:06  SCV  
  61  5:09  Supply Depot  
  61  5:14  SCV  
  61  5:18  Marine x2  
  61  5:19  SCV  
  65  5:21  Starport Reactor  
  65  5:22  Supply Depot  
  65  5:27  SCV  
  66  5:31  SCV  
  66  5:33  Refinery  
  64  5:36  Stimpack  
  64  5:38  Marine x4  
  64  5:39  Terran Infantry Weapons Level 1  
  68  5:47  SCV  
  69  5:51  Combat Shield  
  69  5:55  Command Center  
  69  5:56  SCV  
  69  5:57  Supply Depot  
  70  5:58  Factory Tech Lab  
  70  5:59  SCV  
  71  6:05  Marauder x2, Marine x2  
  71  6:08  SCV  
  78  6:15  Supply Depot  
  78  6:16  Siege Tank  
  81  6:19  SCV  
  81  6:23  SCV  
  81  6:24  Supply Depot  
  83  6:27  Medivac x2, Missile Turret  
  83  6:32  Marauder x2  
  91  6:33  Marine  
  91  6:34  Marine  
  91  6:36  SCV  
  94  6:41  SCV  
  94  6:42  Supply Depot  
  95  6:48  Supply Depot  
  95  6:51  Siege Tank  
  95  6:53  SCV  
  98  6:58  Marauder x2, Marine x2  
  104  7:03  Liberator  
  107  7:09  Orbital Command  
  107  7:15  Supply Depot  
  107  7:16  Supply Depot  
  107  7:17  SCV  
  107  7:19  Marine x2  
  107  7:20  Marauder  
  112  7:30  SCV  
  112  7:31  SCV  
  112  7:33  Supply Depot  
  112  7:34  Supply Depot  
  114  7:38  Barracks  
  114  7:39  Factory Reactor, Barracks  
  114  7:42  SCV  
  114  7:43  SCV  
  115  7:46  Medivac  
  117  7:56  SCV  
  118  8:03  Marine  
  118  8:04  Concussive Shells, Marauder x2, Marine  
  124  8:09  SCV  
  124  8:10  SCV, Supply Depot  
  124  8:12  Supply Depot  
  126  8:20  Terran Infantry Armor Level 1  
  126  8:22  Marine x2  
  126  8:23  Starport  
  126  8:24  Liberator x2  
  126  8:25  Marauder x2  
  138  8:27  SCV x2  
  138  8:29  Refinery x2  
  138  8:32  Factory Reactor  
  140  8:37  Marauder  
  140  8:40  Marine x2  
  144  8:46  Marauder, Marine  
  147  8:50  Marine  
  147  8:52  Command Center  
  148  8:58  Marauder  
  147  9:04  Marauder  
  149  9:13  Marauder  
  149  9:16  Marine  
  129  9:19  Marauder  
  129  9:21  Viking x3  
  109  9:33  Marauder, Marine x3  
  109  9:34  Marauder, Marine  
  105  9:40  Marine  
  106  9:51  Marine x3  
  113  9:54  Medivac x2  
  113  10:02  SCV x2  
  113  10:03  SCV, Missile Turret  
  114  10:14  SCV  
  114  10:17  Viking x2  
  114  10:19  Planetary Fortress  
  119  10:24  Viking  
  118  10:37  SCV x2  
  118  10:38  Viking, Marauder x3, Marine x2  
  118  10:40  Marine  
  128  10:44  Barracks x2  
  128  10:45  SCV  
  128  10:47  Viking x2, Sensor Tower, Barracks  
  133  10:54  Marine  
  128  10:59  Marauder x2  
  128  11:00  Marauder  
  130  11:07  Marine  
  130  11:08  Marine x2  
  130  11:10  SCV  
Tags
 
Add a new tag
Caveats
  • Supply blocks, unpowered buildings, or Contaminate may cause inaccurate times.
  • Supply counts are checked every 10 seconds.